 Dungeon Crawl Stone Soup version 0.23.0 (webtiles) character file.

Game seed: 17258152671205571493

1994 Nygeryga the Basher (level 9, -16/82 HPs)
             Began as a Minotaur Fighter on Feb 11, 2019.
             Was a Believer of Makhleb.
             Demolished by a two-headed ogre
             ... wielding a +0 giant club
              (21 damage)
             ... on level 6 of the Dungeon.
             The game lasted 00:15:38 (7021 turns).

Nygeryga the Basher (Minotaur Fighter)              Turns: 7021, Time: 00:15:39

Health: -16/82     AC:  6    Str: 24    XL:     9   Next: 1%
Magic:  8/8        EV:  7    Int:  5    God:    Makhleb [**....]
Gold:   306        SH: 14    Dex: 10    Spells: 8/8 levels left

rFire    . . .     SeeInvis .   q - +0 whip (elec)
rCold    . . .     Gourm    .   c - +0 shield
rNeg     . . .     Faith    .   b - +0 scale mail
rPois    .         Spirit   .   (helmet restricted)
rElec    .         Reflect  +   (no cloak)
rCorr    .         Harm     .   (no gloves)
MR       .....                  (no boots)
Stlth    ..........             t - +5 amulet of reflection
HPRegen  0.23/turn              l - ring of fire
MPRegen  0.11/turn              p - ring of ice

@: about to teleport
A: retaliatory headbutt, horns 2
a: Minor Destruction, Renounce Religion


You were on level 6 of the Dungeon.
You worshipped Makhleb.
Makhleb was pleased with you.
You were hungry.

You visited 1 branch of the dungeon, and saw 7 of its levels.

You collected 306 gold pieces.

Inventory:

Hand Weapons
 a - a +0 flail
 q - a +0 whip of electrocution (weapon)
Armour
 b - a +0 scale mail (worn)
 c - a +0 shield (worn)
Jewellery
 k - an uncursed ring of flight
 l - a ring of fire (left hand)
 p - a ring of ice (right hand)
 t - a +5 amulet of reflection (around neck)
Scrolls
 g - a scroll of remove curse
 j - 3 scrolls of identify
 m - 3 scrolls of teleportation
 n - 2 scrolls of fog
 v - a scroll of amnesia
Potions
 d - 2 potions of might
 e - 2 potions of brilliance
 h - 3 potions of lignification
 i - 2 potions of heal wounds
 o - 2 potions of flight
 s - a potion of curing
 u - a potion of cancellation
Comestibles
 f - 4 rations


   Skills:
 + Level 8.9 Fighting
 * Level 11.5 Maces & Flails
 - Level 3.6 Armour
 - Level 3.6 Shields


You had 8 spell levels left.
You didn't know any spells.
Your spell library contained the following spells:

 Spells                   Type           Power        Failure   Level  Hunger
 Flame Tongue             Conj/Fire      #....        99%         1    ##.....
 Throw Flame              Conj/Fire      #.....       100%        2    ###....
 Conjure Flame            Conj/Fire      #.......     100%        3    ####...
 Inner Flame              Hex/Fire       #.......     100%        3    ####...
 Sticky Flame             Conj/Fire      #.......     100%        4    #####..
 Fireball                 Conj/Fire      #.........   100%        5    ######.


Dungeon Overview and Level Annotations

Branches:
Dungeon (7/15)             Temple (0/1) D:4

Altars:
Kikubaaqudgha
Makhleb
Vehumet
Xom

Annotations:
D:3 2 runed translucent doors, Froggeryz's ghost, amateur MiMo


Innate Abilities, Weirdness & Mutations

You reflexively headbutt those who attack you in melee.
You have a pair of horns on your head.


Message History

You climb upwards.
There is a stone staircase leading down here.
As you read the scroll of teleportation, it crumbles to dust.
You feel strangely unstable. You block the jelly's attack.
Your scale mail prevents you from hitting the jelly.
The two-headed ogre hits you with a +0 giant club.
* * * LOW HITPOINT WARNING * * *
The two-headed ogre hits you with a +0 giant club.
* * * LOW HITPOINT WARNING * * *
The jelly closely misses you.
You whack the jelly!
Your hands burn!
* * * LOW HITPOINT WARNING * * *
The jelly is severely wounded.
You block the jelly's attack.
You hit the jelly.
Your hands burn!
* * * LOW HITPOINT WARNING * * *
The jelly is almost dead.
You block the two-headed ogre's attack.
The two-headed ogre hits you with a +0 giant club!!
You die...

########......)........#####
######.#.####.......#
####### #.#.# ####....##
......# ##.#.# ####..## #
......# ##....# ###..###
......# ##...### #.......
......# #..#.# #.......
......# #.##.### #.......
##.#### #.##.J@# ####.....
...# ##.####O# #....####
..## #..# #.# #.#### ## ..#
#.## #.########.# #. ..# #.#
#.#........# #. ..#### #.#
##...######## #. #....# #.#
#...## #. .###.#####.#
##.#.# #.
.###.......###..#.####### #.


You could see a two-headed ogre and a jelly.

Vanquished Creatures
  A hippogriff (D:7)
  Menkaure (D:5)
  A water moccasin (D:5)
  An orc warrior (D:6)
  A phantom (D:5)
  A necrophage (D:6)
  3 scorpions
  2 howler monkeys
  2 vampire bats (D:2)
  A centaur zombie (D:5)
  3 crimson imps (D:6)
  A bullfrog zombie (D:7)
  A hound (D:6)
  2 orc priests (D:6)
  4 orc wizards
  9 worker ants
  A hound skeleton (D:4)
  12 gnolls
  8 adders
  A shadow imp (D:6)
  2 oozes (D:5)
  2 worms (D:3)
  5 dart slugs
  7 leopard geckos
  15 orcs
  2 bat skeletons (D:2)
  2 bat zombies (D:2)
  5 giant cockroaches
  4 goblins
  8 hobgoblins
  12 jackals
  3 quokkas
  4 ball pythons
  8 bats
  6 frilled lizards
  A giant cockroach zombie (D:5)
  A jackal zombie (D:5)
  6 kobolds
  A leopard gecko zombie (D:6)
  A quokka skeleton (D:4)
  8 rats
159 creatures vanquished.

Vanquished Creatures (others)
  A centaur (D:6)
1 creature vanquished.

Grand Total: 160 creatures vanquished

Notes
Turn   | Place    | Note
-------+----------+-------------------------------------------
     0 | D:1      | Nygeryga the Minotaur Fighter began the quest for the Orb.
     0 | D:1      | Reached XP level 1. HP: 19/19 MP: 0/0
   120 | D:1      | Reached skill level 3 in Maces & Flails
   156 | D:1      | Reached XP level 2. HP: 17/27 MP: 1/1
   966 | D:2      | Reached XP level 3. HP: 30/33 MP: 2/2
  1177 | D:2      | Reached skill level 4 in Maces & Flails
  1423 | D:2      | Found an ancient bone altar of Kikubaaqudgha.
  1431 | D:2      | Reached XP level 4. HP: 33/41 MP: 3/3
  1435 | D:2      | Reached skill level 5 in Maces & Flails
  1673 | D:2      | Reached XP level 5. HP: 28/47 MP: 4/4
  1850 | D:2      | Reached skill level 5 in Fighting
  2003 | D:2      | Found a faded altar of an unknown god.
  2091 | D:3      | Found a runed translucent door.
  2093 | D:3      | Noticed Froggeryz's ghost (amateur MiMo)
  2204 | D:3      | Found a burning altar of Makhleb.
  2216 | D:3      | Became a worshipper of Makhleb the Destroyer
  2707 | D:3      | Found a runed translucent door.
  2867 | D:3      | Reached skill level 6 in Maces & Flails
  3113 | D:4      | Reached XP level 6. HP: 49/56 MP: 5/5
  3530 | D:4      | Reached * piety under Makhleb
  3653 | D:4      | Reached skill level 7 in Maces & Flails
  4240 | D:4      | Found a staircase to the Ecumenical Temple.
  4280 | D:5      | Entered Level 5 of the Dungeon
  4294 | D:5      | Noticed Menkaure
  4301 | D:5      | HP: 2/57 [Menkaure (21)]
  4304 | D:5      | Killed Menkaure
  4304 | D:5      | Reached skill level 8 in Maces & Flails
  4304 | D:5      | Reached XP level 7. HP: 3/64 MP: 6/6
  5088 | D:5      | HP: 3/64 [poisoned by a water moccasin]
  5094 | D:5      | HP: 2/64 [poisoned by a water moccasin]
  5102 | D:5      | HP: 2/64 [poisoned by a water moccasin]
  5557 | D:5      | Reached ** piety under Makhleb
  5564 | D:5      | Reached skill level 9 in Maces & Flails
  5814 | D:6      | Reached XP level 8. HP: 73/73 MP: 7/7
  5861 | D:6      | Reached skill level 10 in Maces & Flails
  6129 | D:6      | Found a shimmering altar of Xom.
  6129 | D:6      | Found a radiant altar of Vehumet.
  6281 | D:6      | Reached skill level 11 in Maces & Flails
  6679 | D:7      | Noticed a hippogriff
  6684 | D:7      | Killed a hippogriff
  6684 | D:7      | Reached XP level 9. HP: 82/82 MP: 8/8
  6728 | D:7      | Noticed a two-headed ogre
  7021 | D:6      | Demolished by a two-headed ogre

Skill      XL: |  1  2  3  4  5  6  7  8 |
---------------+-------------------------+-----
Maces & Flails | 3 4 5 6 8 9 11 | 11.5
Fighting       | 4 5 6 7 8 |  8.9
Armour         | |  3.6
Shields        | |  3.6

Action                   |  1- 3 |  4- 6 |  7- 9 || total
-------------------------+-------+-------+-------++-------
Melee: Flail             |    93 |   206 |    38 ||   337
       Headbutt          |    20 |    26 |    25 ||    71
       Whip              |       |       |   139 ||   139
  Use: Scroll            |       |    12 |     4 ||    16
  Eat: Chunk             |     2 |     9 |     8 ||    19
Armor: Scale mail        |    47 |    72 |    20 ||   139
Dodge: Dodged            |    43 |    41 |    36 ||   120
Block: Shield            |    60 |   105 |   107 ||   272
       Reflection        |       |       |    16 ||    16
